 Dungeon Crawl Stone Soup version 0.21-a0-150-gc243083 (webtiles) character file.

168 Lunath the Twirler (level 5, -1/48 HPs)
             Began as a Gargoyle Gladiator on July 28, 2017.
             Slain by a howler monkey skeleton (4 damage)
             ... on level 6 of the Dungeon.
             The game lasted 00:05:06 (1869 turns).

Lunath the Twirler (Gargoyle Gladiator)             Turns: 1869, Time: 00:05:07

Health: -1/48      AC:  4    Str: 22    XL:     5   Next: 49%
Magic:  5/5        EV: 11    Int:  9    God:
Gold:   157        SH:  0    Dex: 12    Spells: 4/4 levels left

rFire    . . .     SeeInvis .   a - +0 quarterstaff
rCold    . . .     Gourm    .   (shield currently unavailable)
rNeg     + . .     Faith    .   k - +0 scale mail
rPois    ∞         Spirit   .   c - +0 helmet
rElec    +         Reflect  .   (no cloak)
rCorr    .         Harm     .   g - +0 pair of gloves
MR       .....                  (no boots)
Stlth    ..........             (no amulet)
HPRegen  0.16/turn              (no ring)
MPRegen  0.09/turn              (no ring)

@: berserking (expiring), corroded, very quick
A: negative energy resistance 1, electricity resistance, unbreathing,
petrification resistance, rot immunity, AC +4
a: no special abilities


You were on level 6 of the Dungeon.
You were not hungry.

You visited 1 branch of the dungeon, and saw 4 of its levels.

You collected 157 gold pieces.

Inventory:

Hand Weapons
 a - a +0 quarterstaff (weapon)
Missiles
 d - 3 throwing nets (quivered)
Armour
 c - a +0 helmet (worn)
 g - a +0 pair of gloves (worn)
 k - a +0 scale mail (worn)
 x - a +0 chain mail
Scrolls
 i - 2 scrolls of identify
 j - 2 scrolls of remove curse
 o - 2 scrolls of immolation {unknown}
 p - a scroll of amnesia {unknown}
 q - 2 scrolls of fear {unknown}
 s - 2 scrolls of teleportation {unknown}
 t - a scroll of magic mapping {unknown}
Potions
 b - 2 potions of magic {unknown}
 e - a potion of resistance {unknown}
 h - a potion of brilliance {unknown}
 l - 2 potions of invisibility {unknown}
 n - a potion of ambrosia {unknown}
 u - a potion of degeneration {unknown}
 v - 2 potions of berserk rage
Comestibles
 f - 2 bread rations
 m - 2 royal jellies
 r - 3 meat rations
 w - 8 chunks of flesh
 z - 3 fruits


   Skills:
 - Level 2.8 Fighting
 * Level 5.5 Staves
 - Level 1.7 Throwing
 - Level 2.7 Dodging


You had 4 spell levels left.
You didn't know any spells.

Dungeon Overview and Level Annotations

Branches:
Dungeon (3/15)

Altars:
Qazlal
Wu Jian
Zin


Innate Abilities, Weirdness & Mutations

You are resistant to torment.
Your stone body is resilient. (AC +4)
You are immune to poison.
You resist negative energy. (rN+)
You are resistant to electric shocks. (rElec)
You can survive without breathing.
You are immune to petrification.
You are immune to rotting.


Message History

You kill the jackal!
You hit the jackal.
You kill the jackal!
You sock the jackal!
You kill the jackal!
You sock the jackal!
You kill the jackal!
You barely miss the howler monkey skeleton.
The howler monkey skeleton hits you.
* * * LOW HITPOINT WARNING * * *
Your scale mail prevents you from hitting the howler monkey skeleton.
You hit the howler monkey skeleton but do no damage.
The howler monkey skeleton hits you but does no damage.
You barely miss the howler monkey skeleton.
The howler monkey skeleton barely misses you.
You barely miss the howler monkey skeleton.
You hit the howler monkey skeleton.
The howler monkey skeleton is lightly damaged.
The howler monkey skeleton hits you.
You die...

### #.. #.#
#.# #@#
#Z###### .
#......#...
##..........
#...........
#...........
#.......%...
#$..........
#...........


You could see a howler monkey skeleton.

Vanquished Creatures
  A jelly (D:6)
  A gnoll (D:1)
  4 adders
  An ooze (D:1)
  2 worms
  2 dart slugs
  5 leopard geckos
  An orc (D:3)
  2 giant cockroaches
  4 goblins
  4 hobgoblins
  14 jackals
  A quokka (D:2)
  A ball python (D:3)
  6 bats
  2 frilled lizards
  9 kobolds
  10 rats
70 creatures vanquished.

Notes
Turn   | Place    | Note
-------+----------+-------------------------------------------
     0 | D:1      | Lunath the Gargoyle Gladiator began the quest for the Orb.
     0 | D:1      | Reached XP level 1. HP: 12/12 MP: 1/1
   101 | D:1      | Reached XP level 2. HP: 18/18 MP: 2/2
   179 | D:1      | Reached XP level 3. HP: 17/22 MP: 3/3
   592 | D:1      | Reached skill level 4 in Staves
   741 | D:2      | Reached XP level 4. HP: 27/27 MP: 4/4
  1188 | D:2      | Found a glowing silver altar of Zin.
  1205 | D:2      | Found an ornate altar of the Wu Jian Council.
  1209 | D:2      | Found a stormy altar of Qazlal.
  1714 | D:3      | Reached skill level 5 in Staves
  1714 | D:3      | Reached XP level 5. HP: 32/32 MP: 5/5
  1839 | D:3      | You fall through a shaft for 3 floors!
  1857 | D:6      | HP: 2/48 [jackal (2)]
  1864 | D:6      | HP: 2/48 [howler monkey skeleton (1)]
  1869 | D:6      | Slain by a howler monkey skeleton

Vault maps used:
D:1:      shiori_arrival_maze, minmay_tromino_v4_c
D:2:      minmay_overflow_temple_star_quad, first_bread
D:6:      lemuel_round_altar, grunt_decor_one_mirror,
          minmay_misc_feat_secret_circle, uniq_menkaure

Skill      XL: |  1  2  3  4 |
---------------+-------------+-----
Staves         | 4 5 |  5.5
Fighting       | |  2.8
Throwing       | |  1.7
Dodging        | |  2.7

Action                   |  1- 3 |  4- 6 || total
-------------------------+-------+-------++-------
Melee: Quarterstaff      |    95 |   129 ||   224
  Use: Scroll            |     2 |       ||     2
       Potion            |       |     1 ||     1
  Eat: Chunk             |       |     3 ||     3
Armor: Leather armour    |    17 |       ||    17
       Scale mail        |    31 |    78 ||   109
Dodge: Dodged            |    56 |    78 ||   134
